 Dungeon Crawl Stone Soup version 0.21.1-1-g345015fe64 (webtiles) character file.

3602 McKennaii the Thaumaturge (level 9, -2/48 HPs)
             Began as a Deep Elf Ice Elementalist on June 5, 2018.
             Was a Priest of Sif Muna.
             Slain by Grum
             ... wielding a -1 halberd
              (13 damage)
             ... on level 8 of the Dungeon.
             The game lasted 00:25:42 (10878 turns).

McKennaii the Thaumaturge (DEIE)                   Turns: 10878, Time: 00:25:44

Health: -2/48      AC:  4    Str:  5    XL:     9   Next: 86%
Magic:  17/25      EV: 14    Int: 24    God:    Sif Muna [***...]
Gold:   860        SH:  0    Dex: 17    Spells: 14/28 levels left

rFire    . . .     SeeInvis .   e - +2 dagger (elec)
rCold    . . .     Gourm    .   (no shield)
rNeg     . . .     Faith    .   a - +0 robe
rPois    .         Spirit   .   (no helmet)
rElec    .         Reflect  .   (no cloak)
rCorr    .         Harm     .   x - +0 pair of gloves
MR       +....                  E - +0 pair of boots
Stlth    ++++......             (no amulet)
HPRegen  0.16/turn              F - +2 ring of dexterity
MPRegen  0.19/turn              u - ring of protection from magic

@: no status effects
A: no striking features
a: Divine Energy, Channel Magic, Renounce Religion


You were on level 8 of the Dungeon.
You worshipped Sif Muna.
Sif Muna was most pleased with you.
You were not hungry.

You visited 1 branch of the dungeon, and saw 8 of its levels.
You also visited: Ossuary and Bailey.

You collected 860 gold pieces.

Inventory:

Hand Weapons
 e - a +2 dagger of electrocution (weapon)
Armour
 a - a +0 robe (worn)
 x - a +0 pair of gloves (worn)
 E - a +0 pair of boots (worn)
Magical Staves
 K - an uncursed staff of wizardry
Jewellery
 p - an uncursed ring of poison resistance
 u - a ring of protection from magic (right hand)
 F - a +2 ring of dexterity (left hand)
Wands
 r - a wand of paralysis (31)
 s - a wand of digging (17)
 v - a wand of polymorph (13)
 J - a wand of random effects (24)
Scrolls
 f - 2 scrolls of magic mapping {unknown}
 h - 8 scrolls of remove curse {unknown}
 j - 9 scrolls of identify
 k - 2 scrolls of noise
 l - a scroll of fog {unknown}
 m - a scroll of fear {unknown}
 n - 3 scrolls of enchant weapon {unknown}
 w - 4 scrolls of teleportation {unknown}
 y - 2 scrolls of blinking {unknown}
 G - a scroll of acquirement {unknown}
 H - 2 scrolls of random uselessness {unknown}
 I - a scroll of enchant armour {unknown}
Potions
 d - a potion of resistance {unknown}
 g - 2 potions of flight
 i - 2 potions of magic {unknown}
 o - 2 potions of degeneration {unknown}
 q - 2 potions of heal wounds
 t - 2 potions of berserk rage {unknown}
 z - 3 potions of cancellation {unknown}
 A - 2 potions of brilliance {unknown}
 B - 4 potions of curing {unknown}
 C - 2 potions of invisibility {unknown}
 D - a potion of agility {unknown}
Books
 b - a book of Frost

   Spells                             Type                      Level
   a - Freeze                         Ice                          1
   b - Throw Frost                    Conjuration/Ice              2
   c - Ozocubu's Armour               Charms/Ice                   3
   d - Throw Icicle                   Conjuration/Ice              4
   e - Summon Ice Beast               Ice/Summoning                4
Comestibles
 c - 10 rations


   Skills:
 + Level 1.7 Fighting
 + Level 2.6 Short Blades
 + Level 3.8 Dodging
 * Level 7.9 Stealth
 * Level 10.4 Spellcasting
 + Level 4.0 Conjurations
 * Level 4.9 Summonings
 * Level 8.5 Ice Magic


You had 14 spell levels left.
You knew the following spells:

 Your Spells              Type           Power        Failure   Level  Hunger
a - Freeze                Ice            ####         1%          1    None
b - Throw Frost           Conj/Ice       #####.       1%          2    None
c - Ozocubu's Armour      Chrm/Ice       ####....     2%          3    None
d - Summon Ice Beast      Ice/Summ       #####...     3%          4    None
e - Throw Icicle          Conj/Ice       #####...     3%          4    None


Dungeon Overview and Level Annotations

Branches:
Dungeon (8/15)             Temple (0/1) D:5
   Lair: D:8-11

Altars:
Ashenzari
Dithmenos
Fedhas
Hepliaklqana
Kikubaaqudgha
Ru
Sif Muna
Xom
Zin
The Shining One

Annotations:
D:8 Grum


Message History

Aiming: Throw Icicle
Press: ? - help, Shift-Dir - straight line
Okay, then.
The wolf barely misses you.
Grum bares his teeth.
The wolf barely misses you.
Casting: Throw Icicle
Confirm with . or Enter, or press ? or * to list all spells.
A chill wind blows around you.
Grum drinks a potion.
Grum seems to speed up.
The wolf misses you.
A wolf comes into view.
The wolf bites you! Grum hits you from afar with a halberd.
Your ice beast hits Grum.
Your ice beast freezes Grum.
Casting: Summon Ice Beast
Confirm with . or Enter, or press ? or * to list all spells.
A chill wind blows around you. The wolf misses your ice beast.
The wolf bites you!
* * * LOW HITPOINT WARNING * * *
Grum hits you from afar with a halberd!
You die...

#.........# #.# #.#.
..#######†# #.# #.#.
#.# #.###.# #.#. #
#.# #.....# #.#. ##h#
#.# #.########...
#..(.##.#
#............ #.....#
#...>.......#
#h#######.###########
#Ygh@.Y...#
###########


You could see Grum, 2 wolves and 2 friendly ice beasts.

Vanquished Creatures
  A two-headed ogre (D:8)
  A spriggan (D:7)
  A steam dragon (D:7)
  6 orc warriors
  A sky beast (D:5)
  2 ice beasts (D:6)
  An ogre (D:6)
  4 centaurs (Bailey)
  A scorpion (D:7)
  A howler monkey (D:4)
  3 crimson imps
  A jelly (D:6)
  3 orc priests
  3 bullfrog skeletons
  Jessica (D:4)
  2 iguanas (D:6)
  5 worker ants
  7 mummies (Ossuary)
  A howler monkey zombie (D:7)
  Robin (D:4)
  3 gnolls (D:2)
  A howler monkey skeleton (D:5)
  12 adders
  A shadow imp (D:7)
  An adder skeleton (D:4)
  2 worms
  3 dart slugs
  3 leopard geckos (D:6)
  22 orcs
  5 bats
  6 giant cockroaches
  14 goblins
  9 hobgoblins
  15 jackals
  11 kobolds
  2 quokkas
  A ball python (D:3)
  13 frilled lizards
  A gnoll zombie (Ossuary)
  A hobgoblin zombie (Ossuary)
  A kobold zombie (Ossuary)
  A leopard gecko zombie (D:6)
  An orc zombie (Ossuary)
  A quokka skeleton (D:6)
  2 rats
  A fungus (D:3)
179 creatures vanquished.

Vanquished Creatures (collateral kills)
  5 orc warriors (Bailey)
  A sky beast (D:5)
  An ogre (D:7)
  4 centaurs (Bailey)
  The ghost of NoiZ the Conjurer, an amateur OpCj (D:4)
  A scorpion (D:7)
  A hound (D:5)
  An orc wizard (D:4)
  A big kobold zombie (Ossuary)
  A mummy (Ossuary)
  15 orcs
  A gnoll zombie (Ossuary)
  2 hobgoblin zombies (Ossuary)
35 creatures vanquished.

Grand Total: 214 creatures vanquished

Notes
Turn   | Place    | Note
-------+----------+-------------------------------------------
     0 | D:1      | McKennaii the Deep Elf Ice Elementalist began the quest for the Orb.
     0 | D:1      | Reached XP level 1. HP: 10/10 MP: 6/6
   105 | D:1      | Reached XP level 2. HP: 10/15 MP: 6/8
   173 | D:1      | Learned a level 2 spell: Throw Frost
   859 | D:2      | Reached XP level 3. HP: 15/19 MP: 8/10
   978 | D:2      | Reached skill level 4 in Spellcasting
  1019 | D:2      | Reached XP level 4. HP: 16/24 MP: 8/12
  1310 | D:2      | Found a glowing golden altar of the Shining One.
  1653 | D:3      | Found a shimmering altar of Xom.
  1654 | D:3      | Found a hazy altar of Hepliaklqana.
  1654 | D:3      | Noticed an insubstantial wisp
  1655 | D:3      | Noticed an insubstantial wisp
  1655 | D:3      | Noticed a spectral ugly thing
  1673 | D:3      | Found a faded altar of an unknown god.
  1883 | D:3      | Found a shadowy altar of Dithmenos.
  2039 | D:3      | Found a sacrificial altar of Ru.
  2227 | D:3      | Reached XP level 5. HP: 16/28 MP: 10/13
  2325 | D:4      | Noticed Robin
  2437 | D:4      | Killed Robin
  2680 | D:4      | Reached skill level 5 in Spellcasting
  2685 | D:4      | Learned a level 3 spell: Ozocubu's Armour
  2690 | D:4      | Learned a level 4 spell: Summon Ice Beast
  2695 | D:4      | Learned a level 4 spell: Throw Icicle
  2766 | D:4      | Noticed NoiZ's ghost (amateur OpCj)
  2773 | D:4      | Killed NoiZ's ghost
  2773 | D:4      | Reached XP level 6. HP: 21/32 MP: 1/16
  2967 | D:4      | Reached skill level 5 in Ice Magic
  2973 | D:4      | Reached skill level 6 in Spellcasting
  3326 | D:4      | Reached skill level 1 in Summonings
  3669 | D:4      | Noticed Jessica
  3674 | D:4      | Killed Jessica
  3674 | D:4      | Reached skill level 1 in Short Blades
  3680 | D:4      | Found a deep blue altar of Sif Muna.
  3688 | D:4      | Became a worshipper of Sif Muna the Loreminder
  3789 | D:5      | Entered Level 5 of the Dungeon
  3865 | D:5      | Reached XP level 7. HP: 18/37 MP: 13/18
  3903 | D:5      | Found a glowing silver altar of Zin.
  3944 | D:5      | Found a sand-covered staircase.
  4008 | Ossuary  | Entered an ossuary
  4042 | Ossuary  | Reached skill level 5 in Stealth
  4273 | D:5      | Reached skill level 1 in Fighting
  4478 | D:5      | Found a staircase to the Ecumenical Temple.
  4501 | D:5      | Found a shattered altar of Ashenzari.
  5374 | D:6      | Found an ancient bone altar of Kikubaaqudgha.
  5379 | D:6      | Reached * piety under Sif Muna
  5509 | D:6      | Reached skill level 7 in Spellcasting
  5509 | D:6      | Reached XP level 8. HP: 32/43 MP: 16/20
  6041 | D:6      | Found a blossoming altar of Fedhas.
  6530 | D:7      | Found a flagged portal.
  6746 | Bailey   | Entered a bailey
  7220 | Bailey   | Reached skill level 8 in Spellcasting
  7646 | Bailey   | Reached ** piety under Sif Muna
  7676 | Bailey   | Reached XP level 9. HP: 28/48 MP: 1/23
  8414 | Bailey   | Reached skill level 9 in Spellcasting
  9562 | D:7      | Reached skill level 10 in Spellcasting
 10486 | D:8      | Noticed a two-headed ogre
 10513 | D:8      | Killed a two-headed ogre
 10513 | D:8      | Reached *** piety under Sif Muna
 10872 | D:8      | Noticed Grum
 10878 | D:8      | Slain by Grum

Skill      XL: |  1  2  3  4  5  6  7  8  9 |
---------------+----------------------------+-----
Stealth        | 3 4 5 7 |  7.9
Spellcasting   | 4 5 6 7 8 10 | 10.4
Ice Magic      | 4 5 6 7 8 |  8.5
Summonings     | 1 2 4 |  4.9
Short Blades   | 1 2 |  2.6
Conjurations   | 2 4 |  4.0
Fighting       | 1 |  1.7
Dodging        | 3 |  3.8

Action                   |  1- 3 |  4- 6 |  7- 9 || total
-------------------------+-------+-------+-------++-------
Melee: Dagger            |    23 |   106 |   194 ||   323
       Unarmed           |     1 |       |       ||     1
 Cast: Freeze            |    19 |    34 |     4 ||    57
       Throw Frost       |     4 |    40 |    82 ||   126
       Summon Ice Beast  |       |     3 |    38 ||    41
       Throw Icicle      |       |       |    33 ||    33
  Use: Potion            |       |     2 |     4 ||     6
       Scroll            |       |     1 |       ||     1
 Stab: Sleeping          |     6 |     8 |     8 ||    22
       Distracted        |     1 |     1 |       ||     2
  Eat: Chunk             |       |     5 |    16 ||    21
       Ration            |       |     1 |     3 ||     4
Armor: Robe              |     4 |    18 |    23 ||    45
Dodge: Dodged            |    23 |    85 |   159 ||   267
